Map: Blueshift LE

Players

Has

  • Race: Protoss Protoss
  • Spawn Location: 7:00

Stats - Winner!

  • Race: Protoss Protoss
  • Spawn Location: 1:00

Event: 2018 WCS Global Finals

VOD

Have the link to the VOD?

Description

Time

  • Played on: Oct. 27, 2018, 11:35 a.m.
  • Length: 8:38

All games in this series

Show
View Real Time Build Order
Export as new Build Order

Has Protoss 

Build Orders: Oracle Opening, Phoenix Opening 

Get SALT Encoding   

  12  0:00  Probe  
  13  0:12  Probe  
  14  0:17  Pylon  
  14  0:22  Probe  
  15  0:31  Probe  
  16  0:37  Gateway  
  16  0:39  Probe  
  16  0:47  Assimilator  
  17  0:51  Probe  
  17  0:54  Assimilator  
  18  0:59  Probe  
  19  1:07  Probe, Gateway  
  19  1:17  Probe  
  20  1:25  Cybernetics Core  
  21  1:30  Probe  
  22  1:41  Pylon  
  22  1:42  Probe  
  24  2:01  Stalker x2  
  24  2:03  Warp Gate  
  27  2:18  Stargate  
  27  2:31  Pylon  
  27  2:33  Stalker  
  27  2:34  Stalker  
  30  2:38  Probe  
  31  2:51  Oracle  
  34  3:09  Probe  
  35  3:13  Pylon  
  35  3:14  Stalker  
  37  3:22  Stalker  
  37  3:26  Pylon  
  39  3:44  Stalker  
  39  3:45  Probe  
  42  3:49  Phoenix  
  44  3:57  Shield Battery  
  44  3:58  Probe  
  35  4:10  Probe  
  35  4:16  Shield Battery  
  35  4:26  Stalker x2  
  36  4:32  Probe  
  35  4:50  Stalker  
  35  4:51  Stalker  
  39  4:53  Probe  
  37  5:16  Probe  
  37  5:18  Stalker  
  38  5:26  Probe  
  39  5:34  Probe  
  40  5:43  Probe  
  40  5:58  Adept  
  40  5:59  Adept  
  44  6:08  Pylon  
  44  6:13  Probe  
  45  6:18  Phoenix  
  45  6:31  Probe  
  46  6:49  Phoenix  
  46  6:53  Probe  
  49  7:06  Probe  
  50  7:23  Robotics Facility  
  50  7:26  Pylon  
  51  7:44  Probe  
  49  7:56  Pylon  
  49  7:59  Probe  
  49  8:02  Sentry  
  52  8:06  Pylon  
  52  8:22  Probe  
  57  8:30  Sentry  
Show
View Real Time Build Order
Export as new Build Order

Stats Protoss - Winner!

Build Orders: Oracle Opening, Phoenix Opening 

Get SALT Encoding   

  12  0:00  Probe  
  13  0:12  Probe  
  14  0:17  Pylon  
  14  0:24  Probe  
  15  0:32  Probe  
  15  0:36  Gateway  
  15  0:40  Probe  
  16  0:46  Assimilator  
  17  0:51  Probe  
  17  0:54  Assimilator  
  18  0:59  Probe  
  19  1:08  Probe, Gateway  
  19  1:18  Probe  
  20  1:23  Cybernetics Core  
  21  1:30  Probe  
  22  1:34  Pylon  
  22  1:42  Probe  
  23  1:54  Probe  
  23  1:59  Adept  
  23  2:00  Warp Gate, Adept  
  28  2:07  Pylon  
  28  2:18  Stargate  
  28  2:29  Adept x2  
  31  2:53  Oracle  
  31  2:56  Adept x2  
  35  3:04  Shield Battery  
  38  3:11  Pylon  
  38  3:26  Phoenix  
  38  3:34  Nexus  
  40  3:44  Probe  
  41  3:49  Phoenix  
  38  3:56  Probe  
  29  4:13  Probe  
  29  4:15  Stalker  
  29  4:16  Stalker  
  32  4:25  Probe  
  33  4:40  Robotics Facility  
  33  4:44  Sentry  
  35  4:48  Stalker  
  37  5:01  Shield Battery  
  37  5:09  Sentry  
  37  5:11  Pylon  
  39  5:14  Stalker  
  41  5:22  Immortal, Probe  
  46  5:45  Pylon  
  46  5:49  Immortal  
  50  6:20  Warp Prism  
  50  6:27  Adept x2  
  56  6:34  Pylon  
  56  6:48  Gateway  
  56  6:53  Adept x2  
  60  7:05  Observer  
  61  7:16  Sentry x2  
  65  7:32  Nexus  
  65  7:35  Pylon  
  65  7:50  Stalker x2  
  67  8:15  Adept x3  
  67  8:18  Pylon  
Tags
 
Add a new tag
Caveats
  • Supply blocks, unpowered buildings, or Contaminate may cause inaccurate times.
  • Supply counts are checked every 10 seconds.